 Dungeon Crawl Stone Soup version 0.27.0-1-g7a089689b8 (webtiles) character file.

Game seed: 18134199986835974778

11865 Smaepdii the Slicer (level 11, -8/78 HPs)
             Began as a Demonspawn Brigand on Aug 13, 2021.
             Was a Priest of Hepliaklqana.
             Mangled by a daeva (13 damage)
             ... on level 2 of the Abyss.
             The game lasted 01:29:25 (13439 turns).

Smaepdii the Slicer (Demonspawn Brigand)           Turns: 13439, Time: 01:29:26

Health: -8/78      AC:  7    Str: 12    XL:     11   Next: 54%
Magic:  0/11       EV: 16    Int: 13    God:    Hepliaklqana [***...]
Gold:   685        SH:  6    Dex: 19    Spells: 10/10 levels left

rFire    . . .     SeeInvis .   a - +2 short sword (speed)
rCold    . . .     Faith    .   A - +0 buckler
rNeg     . . .     Spirit   +   d - +2 troll leather armour {Snorg}
rPois    .         Reflect  .   (no helmet)
rElec    .         Harm     .   y - scarf {repulsion}
rCorr    .         Rampage  .   t - +0 pair of gloves
Will     +....     Rnd*Tele +   (no boots)
Stlth    ++........             h - amulet of guardian spirit
HPRegen  1.23/turn              I - ring of willpower
MPRegen  0.12/turn              (no ring)

@: glowing, repel missiles
A: reduced essence, hooves 1, thin skeletal structure 1, demonic magic 2,
[teleportitis 2]
a: Renounce Religion, Recall Ancestor, Ancestor Identity, Transference


You were on level 2 of the Abyss.
You worshipped Hepliaklqana.
Hepliaklqana was most pleased with you.
You visited 2 branches of the dungeon, and saw 11 of its levels.
You visited the Abyss 1 time.
You also visited: Ossuary.

You collected 685 gold pieces.

Inventory:

Hand Weapons
 a - a +2 short sword of speed (weapon)
 b - a +1 rapier of flaming
Missiles
 e - 19 poisoned darts
 j - 2 throwing nets
 s - 5 javelins
 E - a curare-tipped dart
 H - 10 boomerangs (quivered)
Armour
 d - a +2 troll leather armour (worn) {Snorg}
 f - +1 acid dragon scales
 p - a +3 chain mail
 t - a +0 pair of gloves (worn)
 x - a +3 ring mail
 y - a scarf of repulsion (worn)
 A - a +0 buckler (worn)
 F - a +1 cloak of poison resistance
 G - a +1 pair of gloves
Magical Staves
 g - a staff of conjuration
Jewellery
 h - an amulet of guardian spirit (around neck)
 I - a ring of willpower (left hand)
Wands
 q - a wand of mindburst (4)
 C - a wand of polymorph (22)
Scrolls
 i - 2 scrolls of silence
 k - 4 scrolls of noise
 m - a scroll of magic mapping
 n - a scroll of fear
 z - a scroll of identify
 B - 2 scrolls of brand weapon
 D - a scroll of enchant weapon
Potions
 c - a potion of cancellation
 l - 6 potions of flight
 o - 2 potions of haste
 r - 2 potions of ambrosia
 u - 3 potions of curing
 v - a potion of magic
 w - a potion of lignification


   Skills:
 + Level 8.8 Fighting
 * Level 9.2 Short Blades
 + Level 7.7 Throwing
 + Level 7.4 Dodging
 + Level 6.1 Stealth
 - Level 4.0 Shields


You had 10 spell levels left.
You didn't know any spells.
Your spell library contained the following spells:

 Spells                   Type           Power      Damage    Failure   Level
 Gell's Gravitas          Tloc           0%         N/A       75%         3
 Teleport Other           Tloc           0%         N/A       75%         3
 Fulminant Prism          Conj/Hex       0%         3d6       98%         4
 Iskenderun's Mystic Bla  Conj/Tloc      0%         2d3       98%         4
 Lee's Rapid Deconstruct  Erth           0%         3d5*      100%        5
 Dispersal                Tloc           0%         N/A       100%        6


Dungeon Overview and Level Annotations

Branches:
Dungeon (10/15)            Temple (1/1) D:4             Orc (0/2) D:9
Ossuary (visited)
   Lair: D:8-11

Altars:
Ashenzari
Cheibriados
Dithmenos
Elyvilon
Fedhas
Gozag
Hepliaklqana
Kikubaaqudgha
Makhleb
Nemelex Xobeh
Okawaru
Qazlal
Ru
Sif Muna
Trog
Uskayaw
Vehumet
Wu Jian
Xom
Yredelemnul
Zin
The Shining One

Shops:
D:4 !

Annotations:
D:5 Sigmund
D:10 Erolcha


Innate Abilities, Weirdness & Mutations

Your life essence is reduced to manifest your ancestor. (-10% HP)
You have large cloven feet.
You have a somewhat thin skeletal structure. (Dex +2, Stealth+)
Spells you cast may paralyse nearby enemies.
[You are sometimes teleported next to monsters.]


Message History

The wizard gestures at you while chanting.
You are cast into the Abyss!
To return, you must find a gate leading back.
Killing monsters will force the Abyss to allow you passage.
This branch contains the abyssal rune of Zot.
Found a gateway leading deeper into the Abyss.
There is a gateway leading deeper into the Abyss here.
Found 25 arrows.
Osbert emerges from the mists of memory!
A daeva comes into view.
It is wielding a +4 scimitar of holy wrath.
The daeva calls down the wrath of the Shining One upon you.
The Shining One smites you!
The daeva calls down the wrath of the Shining One upon you.
The Shining One smites you!
The daeva hits you with a +4 scimitar of holy wrath!!
You convulse.
The daeva hits you with a +4 scimitar of holy wrath!
You convulse.
The daeva blocks Osbert's attack.
The wretched star pulses with an eldritch light!
You feel weirdly uncertain.
You feel even more weirdly uncertain.
The daeva calls down the wrath of the Shining One upon you.
The Shining One smites you!
* * * LOW HITPOINT WARNING * * *
Osbert completely misses the daeva.
The wretched star glows turbulently.
You block the lance of force.
Osbert points at the daeva and mumbles some strange words.
The daeva resists with almost no effort.
The daeva calls down the wrath of the Shining One upon you.
The Shining One smites you!
* * * LOW HITPOINT WARNING * * *
The wretched star glows turbulently.
You block the lance of force.
The wretched star glows turbulently.
The lance of force is repelled.
An iron imp comes into view.
The daeva hits you with a +4 scimitar of holy wrath!
* * * LOW HITPOINT WARNING * * *
You convulse!
You die...

# ###. ##### #
. ## ##.#.# # #
.#. ###..###
### #.. #.....#
#.. ...#.....#
..#
#.....#.##.#
...#......#
#.##.#.#R*##
....##@A...##
#....#...##...#
5......#.#.#
#.#
...#.###..## .
.. ## .##.## ##
...# #.# #. ..


You could see the friendly Osbert the hexer, a daeva (ally target), a wretched
star and an iron imp (wandering).

Vanquished Creatures
  Snorg (D:10)
  A boulder beetle (D:10)
  Pikel (D:6)
  Maurice (D:9)
  Psyche (D:8)
  Maggie (D:10)
  3 wyverns
  11 yaks
  Eustachio (D:6)
  2 vampire mosquitoes (D:7)
  A steam dragon (D:6)
  Edmund (D:5)
  An acid dragon (D:7)
  A hornet zombie (D:6)
  4 orc warriors
  An ice beast (D:5)
  A necrophage (D:7)
  A sky beast (D:6)
  An ogre (D:5)
  2 centaurs
  A kobold brigand (D:7)
  A phantom (D:6)
  3 elf zombies (Ossuary)
  2 bullfrogs
  A scorpion (D:7)
  A gnoll sergeant (D:5)
  3 howler monkeys (D:6)
  A bullfrog zombie (D:5)
  8 centaur zombies
  A hound (D:5)
  2 orc priests
  Crazy Yiuf (D:6)
  2 gnoll shamans (D:9)
  A human zombie (Ossuary)
  A bullfrog skeleton (D:7)
  A hexer (D:10)
  2 iguanas
  4 orc wizards
  Natasha (thrice) (D:3)
  3 mummies (Ossuary)
  A hound zombie (D:5)
  5 adders
  10 gnolls
  A shadow imp (D:6)
  3 white imps
  An ufetubus (D:4)
  An adder zombie (Ossuary)
  A worm (D:2)
  16 orcs
  7 ball pythons
  6 bats
  9 endoplasms
  2 giant cockroaches (D:2)
  7 goblins
  8 hobgoblins
  4 quokkas
  A frilled lizard (D:3)
  A gnoll zombie (Ossuary)
  3 goblin zombies (Ossuary)
  4 hobgoblin zombies (Ossuary)
  A jackal skeleton (D:4)
  4 jackal zombies (Ossuary)
  9 kobolds
  A kobold zombie (Ossuary)
  2 orc zombies (Ossuary)
  5 quokka zombies (Ossuary)
  4 rats
  2 rat zombies (Ossuary)
198 creatures vanquished.

Vanquished Creatures (collateral kills)
  Harold (D:7)
  A two-headed ogre (D:6)
  5 yaks
  A steam dragon (D:8)
  A sky beast (D:6)
  An ice beast (D:8)
  A black bear (D:7)
  An ogre (D:5)
  A kobold brigand (D:8)
  2 bullfrogs
  A centaur zombie (D:10)
  A hound (D:7)
  A bullfrog skeleton (D:5)
  An iguana (D:7)
  2 orc wizards
  A killer bee zombie (D:7)
  2 gnolls (D:9)
  A shadow imp (D:7)
  A white imp (D:6)
  3 orcs (D:8)
29 creatures vanquished.

Vanquished Creatures (others)
  An orc warrior (D:10)
  8 hexers
  6 ancestors
  An adder (D:6)
16 creatures vanquished.

Grand Total: 243 creatures vanquished

Notes
Turn   | Place    | Note
-------+----------+-------------------------------------------
     0 | D:1      | Smaepdii the Demonspawn Brigand began the quest for the
                  | Orb.
     0 | D:1      | Reached XP level 1. HP: 16/16 MP: 1/1
    65 | D:1      | Reached skill level 1 in Dodging
   289 | D:1      | Gained mutation: You have large cloven feet. [demonic
                  | ancestry]
   289 | D:1      | Reached XP level 2. HP: 19/22 MP: 2/2
   292 | D:1      | Reached skill level 2 in Short Blades
  1020 | D:2      | Reached XP level 3. HP: 28/28 MP: 3/3
  1891 | D:3      | Noticed Natasha
  1903 | D:3      | Killed Natasha
  1904 | D:3      | Gained mutation: Spells you cast may paralyse adjacent
                  | enemies. [demonic ancestry]
  1904 | D:3      | Reached XP level 4. HP: 20/34 MP: 2/4
  2178 | D:3      | Noticed Natasha
  2201 | D:3      | Killed Natasha
  2946 | D:3      | Noticed Natasha
  2961 | D:3      | Killed Natasha
  2962 | D:3      | Reached XP level 5. HP: 41/41 MP: 5/5
  3294 | D:4      | Found a hazy altar of Hepliaklqana.
  3305 | D:4      | Became a worshipper of Hepliaklqana the Forgotten
  3372 | D:4      | Found Sijugg's Distillery.
  3393 | D:4      | Found an ornate altar of the Wu Jian Council.
  3406 | D:4      | Found a sand-covered staircase.
  3414 | Ossuary  | Entered an ossuary
  3469 | Ossuary  | Reached skill level 3 in Short Blades
  3578 | Ossuary  | Reached XP level 6. HP: 47/47 MP: 6/6
  4086 | Ossuary  | Gained mutation: Spells you cast may paralyse nearby
                  | enemies. [demonic ancestry]
  4086 | Ossuary  | Reached XP level 7. HP: 54/54 MP: 7/7
  4501 | D:4      | Found a staircase to the Ecumenical Temple.
  4508 | Temple   | Entered the Ecumenical Temple
  4776 | D:5      | Entered Level 5 of the Dungeon
  4889 | D:5      | Reached skill level 4 in Short Blades
  5535 | D:5      | Noticed Sigmund
  5688 | D:5      | Reached * piety under Hepliaklqana
  5706 | D:5      | Noticed Edmund
  5732 | D:5      | Killed Edmund
  5733 | D:5      | Reached skill level 1 in Shields
  5733 | D:5      | Reached XP level 8. HP: 54/54 MP: 8/8
  5777 | D:5      | Reached skill level 5 in Fighting
  6317 | D:6      | Noticed Eustachio
  6926 | D:6      | Reached skill level 5 in Short Blades
  6926 | D:6      | Reached skill level 5 in Throwing
  7451 | D:6      | Noticed a two-headed ogre
  7668 | D:6      | Killed Eustachio
  7749 | D:6      | Killed a two-headed ogre
  7750 | D:6      | Reached skill level 5 in Dodging
  7750 | D:6      | Reached XP level 9. HP: 33/63 MP: 4/9
  7794 | D:6      | Noticed Pikel
  7810 | D:6      | Killed Pikel
  7977 | D:6      | Found a runed translucent door.
  7978 | D:6      | Noticed Crazy Yiuf
  8052 | D:6      | Killed Crazy Yiuf
  8938 | D:6      | Reached skill level 6 in Short Blades
  9536 | D:7      | Gained mutation: You have a somewhat thin skeletal
                  | structure. (Dex +2, Stealth+) [demonic ancestry]
  9536 | D:7      | Reached XP level 10. HP: 71/71 MP: 10/10
  9571 | D:7      | Noticed Harold
  9602 | D:7      | Killed Harold
  9603 | D:7      | Reached skill level 7 in Short Blades
  9661 | D:7      | Reached ** piety under Hepliaklqana
  9860 | D:7      | Remembered your ancestor Osbert as a hexer
 10626 | D:8      | Noticed Psyche
 10629 | D:8      | Killed Psyche
 10874 | D:8      | Reached *** piety under Hepliaklqana
 11240 | D:9      | Reached skill level 8 in Short Blades
 11241 | D:9      | Reached skill level 5 in Stealth
 11386 | D:9      | Found a staircase to the Orcish Mines.
 11386 | D:9      | Noticed Maurice
 11442 | D:9      | HP: 1/72 [disintegration (8)]
 12105 | D:9      | Reached XP level 11. HP: 77/77 MP: 11/11
 12283 | D:9      | Killed Maurice
 12632 | D:10     | Entered Level 10 of the Dungeon
 12645 | D:10     | Found a shimmering altar of Xom.
 12946 | D:10     | Noticed Maggie
 12966 | D:10     | Killed Maggie
 13043 | D:10     | Noticed Snorg
 13091 | D:10     | Killed Snorg
 13092 | D:10     | Reached skill level 9 in Short Blades
 13221 | D:10     | Noticed Erolcha
 13339 | D:10     | Noticed a boulder beetle
 13349 | D:10     | Killed a boulder beetle
 13353 | D:10     | Noticed a wizard
 13353 | D:10     | Noticed a deep elf pyromancer
 13367 | D:10     | Cast into level 2 of the Abyss (a wizard)
 13425 | Abyss:2  | Noticed a daeva
 13433 | Abyss:2  | Noticed a wretched star
 13439 | Abyss:2  | Mangled by a daeva

Illustrated notes

Levels and vault maps discovered:
D:1:      minmay_arrival_checkered_box, layout_loops_ring
D:2:      layout_loops_ring, serial_forest, infiniplex_forest_lined_3,
          infiniplex_forest_end_2, infiniplex_forest_straight_3,
          infiniplex_forest_lined_room_3, glass_columns_b, hangedman_glass_teeth
D:3:      layout_basic, kennysheep_boxes, uniq_natasha
D:4:      layout_rooms, mainiacjoe_overflow_surrounded_room,
          mainiacjoe_overflow_boulevard, minmay_temple_entry_fiery,
          enter_ossuary_3, serial_shops, shop
D:5:      layout_rooms, serial_bayou_pond_c, uniq_edmund, uniq_sigmund
D:6:      layout_rooms, mainiacjoe_overflow_catwalk, uniq_eustachio, uniq_pikel,
          uniq_crazy_yiuf_cottage
D:7:      cheibrodos_fzero, layout_cave_pools, uniq_harold
D:8:      layout_loops_ring, chequers_serial_rivers_micro_c, uniq_psyche
D:9:      layout_irregular_city, orc_0_dummy, uniq_maurice
D:10:     minmay_the_grid_net [minmay_the_grid_small_cups,
          minmay_the_grid_medium_cups, minmay_the_grid_slots,
          minmay_the_grid_embedded, minmay_the_grid_large_cup,
          minmay_the_grid_prize_inner_circle], layout_loops_ring,
          amcnicky_altar_gilded, dpeg_oklobed_lair, serial_rivers,
          chequers_serial_rivers_small_3, chequers_serial_rivers_marsh,
          chequers_serial_rivers_small_a, chequers_serial_rivers_large_b,
          uniq_maggie, uniq_snorg, uniq_erolcha
Temple:   compressed_dpeg_circular_temple
Abyss:2:  base: D:8, minivault_20

Skill      XL: |  1  2  3  4  5  6  7  8  9 10 11 |
---------------+----------------------------------+-----
Dodging        | 1 2 3 4 5 6 7 |  7.4
Short Blades   | 2 3 4 5 6 8 9 |  9.2
Throwing       | 2 3 4 5 6 7 |  7.7
Fighting       | 3 4 6 7 8 |  8.8
Shields        | 1 4 |  4.0
Stealth        | 5 6 |  6.1

Action                   |  1- 3 |  4- 6 |  7- 9 | 10-12 || total
-------------------------+-------+-------+-------+-------++-------
Melee: Dagger            |    31 |       |       |       ||    31
       Short sword       |    77 |   189 |   431 |   220 ||   917
       Kick              |    16 |    68 |   153 |    95 ||   332
Throw: Dart              |    16 |    16 |    44 |    55 ||   131
       Javelin           |       |     4 |     6 |    28 ||    38
       Boomerang         |       |       |       |    11 ||    11
       Throwing net      |       |       |       |     3 ||     3
Invok: Ancestor Identity |       |       |     1 |       ||     1
       Recall Ancestor   |       |       |     1 |     1 ||     2
       Transference      |       |       |       |     1 ||     1
       Ancestor Life: He |       |       |       |     1 ||     1
Evoke: Wand              |       |       |       |     7 ||     7
  Use: Scroll            |       |     8 |    10 |     5 ||    23
       Potion            |       |       |       |     6 ||     6
 Stab: Sleeping          |     7 |     4 |       |     4 ||    15
       Distracted        |       |     1 |       |     4 ||     5
       Confused          |       |       |       |     7 ||     7
Armor: Ring mail         |    33 |    84 |   110 |     2 ||   229
       Robe              |     3 |       |       |       ||     3
       Acid dragon scale |       |       |       |    28 ||    28
       Troll leather arm |       |       |       |     2 ||     2
Dodge: Dodged            |    57 |    94 |   219 |    89 ||   459
       Repelled          |       |       |     3 |     1 ||     4
Block: Buckler           |       |       |    25 |    38 ||    63
